 Dungeon Crawl Stone Soup version 0.30.1-4-g462c640d31 (webtiles) character file.

Game seed: 2424370286503096334

501 Gorgoleon the Magician (level 6, -8/32 HPs)
             Began as a Deep Elf Hedge Wizard on Aug 18, 2023.
             Mangled by an ogre
             ... wielding a +0 giant club
              (11 damage)
             ... on level 4 of the Dungeon.
             The game lasted 00:19:40 (3833 turns).

Gorgoleon the Magician (Deep Elf Hedge Wizard)      Turns: 3833, Time: 00:19:40

Health: -8/32      AC:  2    Str:  6 (7)  XL:     6   Next: 95%
Magic:  7/14       EV: 13    Int: 20 (21) God:
Gold:   178        SH:  0    Dex: 16      Spells: 2/13 levels left

rFire   + . .        g - +7 mace "Yngisy" {heavy, rF+ rC+ Dex+2}
rCold   + . .        (no shield)
rNeg    . . .        b - +0 robe
rPois   .            c - +0 hat
rElec   .            (no cloak)
rCorr   .            (no gloves)
SInv    .            (no boots)
Will    .....        (no amulet)
Stlth   ++           (no ring)
HPRegen 0.25/turn    (no ring)
MPRegen 0.14/turn

%: no passive effects
@: hasted, very quick
A: no striking features
a: no special abilities


You were on level 4 of the Dungeon.
You visited 1 branch of the dungeon, and saw 4 of its levels.
You also visited: Sewer.

You collected 178 gold pieces.

Inventory:

Hand Weapons
 g - the +7 mace "Yngisy" (weapon) {heavy, rF+ rC+ Dex+2}
   (You found it on level 2 of the Dungeon)

   Dex:       It affects your dexterity (+2).
   rF:        It protects you from fire.
   rC:        It protects you from cold.
Armour
 b - a +0 robe (worn)
 c - a +0 hat (worn)
Jewellery
 m - an amulet of regeneration
Scrolls
 f - 3 scrolls of identify
Potions
 d - 2 potions of invisibility
 h - a potion of might
 k - a potion of flight
 l - a potion of attraction
 n - a potion of mutation
 p - a potion of haste


   Skills:
 - Level 3.0 Dodging
 - Level 2.4 Stealth
 - Level 4.4 Spellcasting
 + Level 3.8 Conjurations
 * Level 3.3 Hexes
 * Level 3.4 Summonings
 * Level 1.0 Necromancy
 - Level 3.0 Translocations
 * Level 2.3 Air Magic
 * Level 2.2 Poison Magic


You had 2 spell levels left.
You knew the following spells:

 Your Spells              Type           Power      Damage    Failure   Level
a - Magic Dart            Conj           76%        1d6       2%          1
b - Slow                  Hex            68%        N/A       3%          1
c - Call Imp              Summ           36%        N/A       4%          2
d - Blink                 Tloc           32%        N/A       5%          2
e - Mephitic Cloud        Conj/Pois/Air  15%        N/A       12%         3
f - Cigotuvi's Dreadful   Necr/Pois/Air  22%        N/A       9%          2

Your spell library contained the following spells:

 Spells                   Type           Power      Damage    Failure   Level
 Ensorcelled Hibernation  Hex/Ice        22%        N/A       10%         2
 Spider Form              Tmut/Pois      8%         N/A       24%         3
 Anguish                  Hex/Necr       6%         N/A       45%         4


Dungeon Overview and Level Annotations

Branches:
Dungeon (4/15)              Sewer (visited)
 Temple: D:4-7

Altars:
Ashenzari
Hepliaklqana
Xom
Zin

Annotations:
D:2 1 runed translucent door, Crazy Yiuf
D:3 2 runed translucent doors, Ijyb


Message History

The black bear is almost dead.
Your cerulean imp hits the black bear from afar with a -3 spear.
The black bear dies!
You feel your strength returning.
Your Necromancy skill increases to level 1!
You start resting.
Your magical contamination has completely faded away.
You start resting.
An ogre comes into view. It is wielding a +0 giant club.
You see here a black bear corpse.
Your cerulean imp disappears in a puff of smoke!
Casting: Magic Dart (safe; 2% risk of failure)
Confirm with . or Enter, or press ? or * to list all spells.
You can't see any susceptible monsters within range! (Use Z to cast anyway.) Unknown command.
You see here a black bear corpse.
Casting: Magic Dart (safe; 2% risk of failure)
Confirm with . or Enter, or press ? or * to list all spells.
A tiny devil pulls itself out of the air.
Casting: Call Imp (safe; 4% risk of failure)
Confirm with . or Enter, or press ? or * to list all spells.
Aiming: Slow (safe; 3% risk of failure)
Press: ? - help, Shift-Dir - straight line, f - ogre
Aim: an ogre, wielding a +0 giant club (ally target, chance to affect: 50%)
The ogre resists with some effort.
Your cerulean imp hits the ogre but does no damage.
Casting: Slow (safe; 3% risk of failure)
Confirm with . or Enter, or press ? or * to list all spells.
Aiming: Slow (safe; 3% risk of failure)
Press: ? - help, Shift-Dir - straight line, f/p - ogre
Aim: an ogre, wielding a +0 giant club (ally target, chance to affect: 50%)
The ogre resists with some effort.
The ogre hits you with a +0 giant club!!
Ouch! That really hurt!
* * * LOW HITPOINT WARNING * * *
Your cerulean imp closely misses the ogre.
You feel yourself speed up.
Your cerulean imp hits the ogre but does no damage.
The ogre hits you with a +0 giant club!
You die...

#..#. #... #h. ##### #.######
#...# #......# ####
##..#######.##.#.# #..#
#<..#.#..#.##.#.#
#######..####.#.#.#.........#
..............@O.....#.##.###
#####......5....#.....# # #
#.....#####.....#..#....
#.###.##### #..##.#..#..#.#
....<.# #.........#..###
#####.# ###.##.####.## #.#
....... ..# ### ########


You could see an ogre (ally target) and a friendly cerulean imp (summoned).

Vanquished Creatures
  Sigmund (D:2)
  Pargi (Sewer)
  Terence (D:2)
  Natasha (D:4)
  4 adders
  2 worms
  A dart slug (D:1)
  An orc (D:3)
  2 endoplasms (D:1)
  4 giant cockroaches
  9 goblins
  7 hobgoblins
  4 kobolds
  2 quokkas
  2 ball pythons
  3 bats
  6 frilled lizards
  5 rats
56 creatures vanquished.

Vanquished Creatures (collateral kills)
  A black bear (D:4)
  An adder (D:3)
  An endoplasm (D:3)
  2 giant cockroaches (D:3)
5 creatures vanquished.

Grand Total: 61 creatures vanquished

Notes
Turn   | Place    | Note
-------+----------+-------------------------------------------
     0 | D:1      | Gorgoleon the Deep Elf Hedge Wizard began the quest for the
                  | Orb.
     0 | D:1      | Reached XP level 1. HP: 10/10 MP: 7/7
     2 | D:1      | Learned a level 1 spell: Slow
    86 | D:1      | Reached skill level 1 in Hexes
   373 | D:1      | Reached XP level 2. HP: 15/15 MP: 7/9
   376 | D:1      | Learned a level 2 spell: Call Imp
   379 | D:1      | Learned a level 2 spell: Blink
  1277 | D:2      | Noticed Sigmund
  1332 | D:2      | Noticed Terence
  1359 | D:2      | Killed Terence
  1360 | D:2      | Reached XP level 3. HP: 12/19 MP: 3/10
  1437 | D:2      | Learned a level 3 spell: Mephitic Cloud
  1562 | D:2      | Killed Sigmund
  1563 | D:2      | Reached skill level 1 in Air Magic
  1563 | D:2      | Reached skill level 1 in Poison Magic
  1563 | D:2      | Reached XP level 4. HP: 15/24 MP: 4/12
  1563 | D:2      | Reached XP level 5. HP: 17/28 MP: 4/13
  1729 | D:2      | Identified the +7 mace "Yngisy" {heavy, rF+ rC+ Dex+2}
  1900 | D:2      | Found a runed translucent door.
  1901 | D:2      | Noticed Crazy Yiuf
  1950 | D:2      | Identified the amulet of Gozag's Inspiration {Faith -Cast
                  | Contam rPois Stlth+}
  2141 | D:3      | Found a glowing drain.
  2164 | Sewer    | Entered a sewer
  2322 | Sewer    | Noticed Pargi
  2360 | Sewer    | Killed Pargi
  2361 | Sewer    | Reached XP level 6. HP: 14/32 MP: 11/14
  2565 | D:3      | Learned a level 2 spell: Cigotuvi's Dreadful Rot
  2713 | D:3      | Found a glowing silver altar of Zin.
  2715 | D:3      | Found a broken altar of Ashenzari.
  2740 | D:3      | Found a hazy altar of Hepliaklqana.
  2903 | D:3      | Found a large runed translucent door.
  2903 | D:3      | Found a large runed translucent door.
  2903 | D:3      | Found a shimmering altar of Xom.
  2903 | D:3      | Noticed Ijyb
  3538 | D:4      | Noticed Natasha
  3548 | D:4      | Killed Natasha
  3788 | D:4      | Reached skill level 1 in Necromancy
  3833 | D:4      | Mangled by an ogre

Illustrated notes

Levels and vault maps discovered:
D:1:      ncdulo_watergridlock, layout_loops_ring, nicolae_titane
D:2:      layout_rooms, uniq_crazy_yiuf_cottage, uniq_sigmund, uniq_terence
D:3:      due_chaos_kobolds, layout_rooms, minitemple, portal_sewer_entry_a,
          chequers_decorated_corner, kennysheep_generic_room_13, uniq_ijyb
D:4:      minmay_octagon_keep, layout_basic, makhleb_altar_promises_db,
          st_stairs_1, dreamdust_gnoll_farm, uniq_natasha, uniq_menkaure

Skill      XL: |  1  2  3  4  5  6 |
---------------+-------------------+-----
Hexes          | 2 3 |  3.3
Conjurations   | 2 3 |  3.8
Summonings     | 2 3 |  3.4
Translocations | 2 3 |  3.0
Air Magic      | 1 2 |  2.3
Poison Magic   | 1 2 |  2.2
Dodging        | 3 |  3.0
Necromancy     | 1 |  1.0
Stealth        | |  2.4
Spellcasting   | |  4.4

Action                     |  1- 3 |  4- 6 || total
---------------------------+-------+-------++-------
  Melee: Short sword       |    17 |       ||    17
         Mace              |       |    13 ||    13
   Cast: Magic Dart        |    68 |    82 ||   150
         Call Imp          |     4 |    12 ||    16
         Blink             |     1 |       ||     1
         Slow              |       |    10 ||    10
    Use: Potion            |     5 |     4 ||     9
         Scroll            |       |    10 ||    10
 Armour: Skin              |     6 |       ||     6
         Robe              |     3 |    11 ||    14
  Dodge: Dodged            |    12 |    28 ||    40
